Map: Scythe of Amon

Players

Ratl

  • Race: Protoss Protoss
  • League: Silver
  • Spawn Location: 5:00

Demkan

  • Race: Zerg Zerg

VOD

Have the link to the VOD?

Description

Time

  • Played on: Jan. 12, 2020, 12:36 p.m.
  • Length: 18:14
Show
View Real Time Build Order
Export as new Build Order

Ratl Protoss 

Build Orders:  

Get SALT Encoding   

  12  0:03  Probe (Chrono Boost)  
  13  0:17  Probe (Chrono Boost)  
  14  0:31  Probe (Chrono Boost)  
  15  1:04  Pylon  
  15  1:11  Pylon  
  15  1:29  Probe (Chrono Boost)  
  16  1:37  Assimilator  
  16  1:43  Probe (Chrono Boost), Gateway, Assimilator  
  17  1:57  Probe (Chrono Boost)  
  18  2:07  Gateway  
  18  2:11  Probe (Chrono Boost)  
  19  2:24  Probe (Chrono Boost)  
  20  2:38  Probe (Chrono Boost)  
  21  2:42  Forge x2  
  21  2:52  Probe (Chrono Boost)  
  21  2:58  Zealot  
  25  3:19  Cybernetics Core  
  24  3:22  Pylon  
  24  3:29  Zealot  
  24  3:32  Zealot  
  28  4:10  Zealot  
  30  4:20  Warp Gate  
  30  4:22  Stargate  
  30  4:23  Stargate  
  30  4:26  Stargate  
  32  5:19  Protoss Ground Weapons Level 1  
  32  5:23  Protoss Ground Armor Level 1  
  26  5:55  Stalker  
  26  5:56  Stalker  
  30  6:07  Pylon  
  30  6:11  Pylon  
  30  6:24  Pylon  
  30  6:41  Gateway x2  
  30  6:45  Gateway  
  30  6:46  Pylon  
  30  6:58  Probe (Chrono Boost)  
  31  7:44  Stalker x2  
  35  8:03  Protoss Shields Level 1  
  33  8:37  Void Ray x2  
  35  8:53  Stalker x3  
  35  8:54  Stalker  
  43  9:25  Twilight Council  
  43  9:32  Zealot x5  
  53  9:50  Dark Pylon  
  51  10:13  Stalker  
  51  10:14  Stalker x3  
  37  10:48  Charge  
  35  10:52  Stalker  
  35  10:54  Zealot x2  
  35  10:55  Zealot x2  
  45  11:30  Protoss Ground Weapons Level 2  
  45  11:33  Zealot  
  45  11:34  Zealot x4  
  53  12:04  Protoss Ground Armor Level 2  
  53  12:23  Pylon  
  53  12:29  Pylon  
  53  12:33  Zealot  
  53  12:34  Pylon  
  55  13:14  Nexus  
  55  13:17  Assimilator  
  55  13:23  Assimilator  
  55  13:54  Probe (Chrono Boost)  
  47  14:10  Probe (Chrono Boost)  
  37  14:27  Probe (Chrono Boost)  
  36  14:35  Pylon  
  36  14:37  Pylon  
  32  14:40  Stalker x3  
  32  14:41  Pylon, Stalker  
  32  14:44  Probe (Chrono Boost)  
  41  14:50  Zealot  
  44  15:01  Probe (Chrono Boost)  
  44  15:48  Dark Pylon  
  44  15:50  Probe (Chrono Boost)  
  44  15:53  Probe (Chrono Boost)  
  44  15:58  Void Ray  
  44  15:59  Void Ray  
  48  16:04  Probe (Chrono Boost)  
  50  16:10  Probe (Chrono Boost)  
  50  16:18  Probe (Chrono Boost)  
  49  16:27  Probe (Chrono Boost)  
  46  16:32  Probe (Chrono Boost), Stalker  
  46  16:33  Stalker  
  46  16:35  Stalker  
  46  16:39  Oracle, Void Ray  
  57  16:44  Probe (Chrono Boost)  
  57  16:45  Probe (Chrono Boost)  
  59  16:58  Void Ray  
  103  17:00  Probe (Chrono Boost)  
  66  17:03  Probe (Chrono Boost)  
  67  17:13  Probe (Chrono Boost)  
  67  17:19  Stalker x2  
  64  17:20  Stalker  
  59  17:55  Stalker x2  
  59  17:56  Stalker x3  
Show
View Real Time Build Order
Export as new Build Order

Demkan Zerg 

Build Orders:  

Get SALT Encoding   

  18  0:04  Primal Drone  
  19  0:12  Primal Drone  
  19  0:18  Primal Drone  
  21  0:26  Primal Drone  
  22  0:33  Primal Drone  
  22  0:39  Extractor  
  23  0:53  Primal Drone  
  24  1:09  Primal Drone  
  25  1:21  Extractor  
  25  1:23  Primal Drone  
  26  1:39  Primal Drone  
  28  1:51  Primal Warden  
  28  2:00  Primal Drone  
  28  2:06  Primal Attacks Level 1  
  29  2:10  Primal Drone  
  30  2:58  Primal Drone x3  
  33  3:10  Glevig's Den  
  33  3:19  Primal Warden  
  33  3:20  Primal Drone  
  33  3:29  Primal Drone  
  35  3:45  Primal Drone  
  36  4:14  Primal Drone  
  37  4:28  Primal Drone  
  38  4:46  Primal Carapace Level 1  
  38  5:10  Dissolving Acid  
  38  5:19  Murvar's Den  
  37  5:30  Primal Zergling  
  37  5:31  Primal Zergling x5  
  37  5:32  Primal Zergling x4  
  47  5:52  Ravasaur x3  
  47  5:53  Ravasaur  
  47  5:54  Ravasaur  
  47  6:10  Enlarged Parotid Glands  
  47  6:21  Primal Zergling x2  
  47  6:22  Primal Zergling x4  
  53  6:46  Ravasaur x3  
  53  6:54  Primal Drone  
  53  6:55  Primal Drone x4  
  58  7:10  Concentrated Fire  
  56  8:53  Primal Zergling  
  56  8:54  Primal Zergling x4  
  56  8:55  Primal Zergling x4  
  56  8:56  Primal Zergling  
  66  9:07  Primal Reconstitution  
  66  9:08  Dakrun's Den  
  65  9:10  Glial Reconstitution  
  65  9:20  Ravasaur x7  
  53  10:23  Primal Zergling  
  53  10:24  Primal Zergling x5  
  53  10:25  Primal Zergling x4  
  63  10:37  Aerial Burst Sacs  
  61  11:26  Ravasaur x3  
  61  11:27  Ravasaur x5  
  61  11:28  Ravasaur  
  61  11:29  Ravasaur  
  61  11:38  Primal Wurm x2  
  61  11:39  Primal Wurm  
  64  11:43  Primal Wurm  
  64  11:44  Primal Drone x2, Primal Wurm  
  64  11:45  Primal Drone x3  
  64  11:46  Primal Attacks Level 2  
  71  12:17  Primal Drone  
  72  12:22  Healing Adaptation  
  72  12:38  Primal Hive  
  77  12:42  Primal Wurm  
  77  12:48  Primal Wurm  
  77  12:49  Primal Wurm  
  80  12:51  Primal Wurm  
  81  13:22  Impaling Strike  
  81  14:05  Tenderize  
  81  14:07  Slicing Glave  
  81  14:20  Primal Carapace Level 2  
  81  14:21  Primal Drone x3  
  81  14:22  Extractor, Barrage of Spikes  
  81  14:24  Extractor  
  84  15:05  Muscular Augments  
  84  15:07  Shifting Carapace  
  84  15:22  Tyrant's Protection  
  84  15:44  Primal Hydralisk x4  
  84  15:45  Primal Hydralisk x4  
  84  15:46  Primal Hydralisk x2  
  86  16:07  Explosive Spores  
  84  16:22  Brutal Charge  
  84  16:46  Primal Drone x3  
  84  16:47  Primal Drone x2  
  89  17:07  Primordial Fury  
  84  17:20  Primal Drone  
  84  17:21  Primal Drone  
  76  17:59  Primal Mutalisk  
Tags
 
Add a new tag
Caveats
  • Supply blocks, unpowered buildings, or Contaminate may cause inaccurate times.
  • Supply counts are checked every 10 seconds.